 Dungeon Crawl Stone Soup version 0.18-a0-1433-g1d8109a (webtiles) character file.

13341 Arkorax the Fighter (level 11, -15/107 HPs)
             Began as a Minotaur Fire Elementalist on Feb 28, 2016.
             Was the Champion of Cheibriados.
             Demolished by a minotaur
             ... wielding a cursed +3 rod of inaccuracy (2/11)
              (49 damage)
             ... in a labyrinth.
             The game lasted 00:17:24 (12318 turns).

Arkorax the Fighter (Minotaur Fire Elementalist)   Turns: 12318, Time: 00:17:24

Health: -15/107    AC: 18    Str: 30    XL:     11   Next: 74%
Magic:  12/12      EV: 10    Int: 28    God:    Cheibriados [******]
Gold:   763        SH:  4    Dex: 30    Spells: 1 memorised, 11 levels left

rFire  . . .     SeeInvis .     g - +0 short sword (elec)
rCold  . . .     Gourm    .     T - +1 plate armour
rNeg   . . .     Faith    .     (no shield)
rPois  .         Spirit   .     (helmet restricted)
rElec  .         Dismiss  .     X - +0 cloak
rCorr  .         Reflect  +     (no gloves)
SustAt .         Harm     .     f - +0 pair of boots
MR     .....                    u - +4 amulet of reflection
Stlth  ..........               z - +2 ring of slaying
                                y - +4 ring of dexterity

@: very slow, not resistant to hostile enchantments, extremely unstealthy
A: retaliatory headbutt, horns 2
a: Bend Time, Temporal Distortion, Slouch, Step From Time, Renounce Religion


You were in a labyrinth.
You worshipped Cheibriados.
Cheibriados was exalted by your worship.
You were full.

You visited 3 branches of the dungeon, and saw 14 of its levels.
You also visited: Labyrinth.

You collected 763 gold pieces.

Inventory:

Hand Weapons
 a - a +1 vampiric demon trident
 g - a +0 short sword of electrocution (weapon)
 P - a +2 long sword of holy wrath
 U - a +1 long sword of slicing
Missiles
 n - 10 tomahawks of returning (quivered)
Armour
 e - a +2 ring mail of positive energy
 f - a +0 pair of boots (worn)
 r - a +0 ring mail of fire resistance
 T - a +1 plate armour (worn)
 X - a +0 cloak (worn)
Jewellery
 i - an uncursed ring of sustain attributes {unknown}
 u - a +4 amulet of reflection (around neck)
 y - a +4 ring of dexterity (left hand)
 z - a +2 ring of slaying (right hand)
 A - an uncursed ring of resist corrosion
 H - an uncursed ring of flight
 I - an uncursed amulet of the gourmand
 K - a +3 ring of evasion
 M - an uncursed ring of protection from cold
Wands
 k - a wand of paralysis (8/24)
 R - a wand of lightning (5/15)
 W - a wand of lightning (1/15)
Scrolls
 d - 3 scrolls of fear
 o - 4 scrolls of remove curse
 t - a scroll of fog
 D - 3 scrolls of teleportation
 O - a scroll of enchant armour
Potions
 j - a potion of agility
 l - 3 potions of curing
 m - 3 potions of heal wounds
 p - 2 potions of magic
 x - a potion of cure mutation
 B - a potion of cancellation
 C - a potion of lignification {unknown}
 G - 2 potions of brilliance
 J - a potion of mutation {unknown}
 V - 2 potions of ambrosia
 Y - 2 potions of flight {unknown}
Books
 b - a book of Flames

   Spells                             Type                      Level
   a - Flame Tongue                   Conjuration/Fire             1
   b - Throw Flame                    Conjuration/Fire             2
   c - Conjure Flame                  Conjuration/Fire             3
   d - Inner Flame                    Hexes/Fire                   3
   e - Sticky Flame                   Conjuration/Fire             4
   f - Fireball                       Conjuration/Fire             5
 E - a book of Changes

   Spells                             Type                      Level
   a - Beastly Appendage              Transmutation                1
   b - Sticks to Snakes               Transmutation                2
   c - Spider Form                    Transmutation/Poison         3
   d - Ice Form                       Ice/Transmutation            4
   e - Blade Hands                    Transmutation                5
 Z - a book of Cantrips

   Spells                             Type                      Level
   a - Corona                         Hexes                        1
   b - Animate Skeleton               Necromancy                   1
   c - Summon Small Mammal            Summoning                    1
   d - Apportation                    Translocation                1
Comestibles
 c - 5 bread rations
 h - 3 slices of pizza
 q - a fruit
 s - 4 meat rations
 F - 4 beef jerkies
 S - 2 royal jellies


   Skills:
 + Level 13.2 Fighting
 - Level 8.4(10.6) Short Blades
 * Level 11.3(12.5) Long Blades
 - Level 0.2 Polearms
 + Level 10.6 Armour
 - Level 2.1 Dodging
 - Level 1.5 Stealth
 - Level 1.3 Spellcasting
 - Level 0.6 Conjurations
 - Level 2.1 Fire Magic


You had 11 spell levels left.
You knew the following spells:

 Your Spells              Type           Power        Failure   Level  Hunger
a - Flame Tongue          Conj/Fire      #....        41%         1    #......


Dungeon Overview and Level Annotations

Branches:
Dungeon (11/15)            Temple (1/1) D:5            Lair (2/8) D:9
    Orc: D:9-12

Altars:
Ashenzari
Cheibriados
Dithmenos
Elyvilon
Fedhas
Gozag
Kikubaaqudgha
Makhleb
Nemelex Xobeh
Okawaru
Pakellas
Qazlal
Ru
Sif Muna
Trog
Vehumet
Xom
Yredelemnul
Zin
The Shining One
Lugonu

Shops:
D:7 :


Innate Abilities, Weirdness & Mutations

You reflexively headbutt those who attack you in melee.
You have a pair of horns on your head.


Message History

The minotaur zaps a rod.
The narrow beam of energy misses you.
The minotaur zaps a rod.
The narrow beam of energy misses you.
The minotaur evokes its amulet.
The minotaur goes berserk!
You block the minotaur's attack. The minotaur gores you!
You hit the minotaur.
The minotaur is heavily wounded.
You hit the minotaur.
The minotaur is heavily wounded.
The minotaur hits you with a rod of inaccuracy!
You block the minotaur's attack.
You hit the minotaur but do no damage.
There is a sudden explosion of sparks!
You headbutt the minotaur.
The minotaur is severely wounded.
The minotaur hits you with a rod of inaccuracy!!
The minotaur gores you!
Your plate armour prevents you from hitting the minotaur.
You headbutt the minotaur!
The minotaur is severely wounded.
The minotaur hits you with a rod of inaccuracy!!!
You die...

# . ..# . . .#
# # ###.##
#..# . . . .
... ..# ###
####. ..#.....
.# .## . #
##### .# ...
.#.# #. #
###.#.####.# #
....#...@H.#.#
#.##.########
# . .... ....
## #### #####
... #.#. .#
### .#


You could see a minotaur (berserk).

Vanquished Creatures
  Erolcha (D:11)
  A hydra (Lair:1)
  An unseen horror (D:10)
  An ugly thing (D:10)
  A cyclops (D:11)
  2 spiny frogs (Lair:1)
  A komodo dragon (D:9)
  A troll (D:10)
  2 two-headed ogres
  A basilisk (Lair:1)
  3 yaks (D:9)
  A wyvern (D:11)
  6 hippogriffs
  A hungry ghost (D:8)
  A mottled dragon (D:11)
  Menkaure (D:6)
  Edmund (D:6)
  A water moccasin (D:11)
  Purgy (D:3)
  8 orc warriors
  A porcupine (Lair:1)
  2 black bears
  4 sky beasts
  8 phantoms
  2 ice beasts
  3 ogres
  4 centaurs
  A big kobold (D:11)
  8 giant frogs
  A gnoll sergeant (D:10)
  7 scorpions
  19 killer bees
  5 howler monkeys
  5 crimson imps
  2 centaur zombies
  3 jellies
  A wasp zombie (D:10)
  8 orc priests
  5 hounds
  A giant frog skeleton (D:9)
  A gnoll shaman (D:7)
  13 orc wizards
  Jessica (D:3)
  Natasha (thrice) (D:3)
  2 centaur skeletons
  4 iguanas
  Terence (D:2)
  5 worker ants
  2 killer bee zombies
  2 hound skeletons
  7 adders
  13 gnolls
  8 river rats (Lair:2)
  A shadow imp (D:9)
  2 oozes
  2 adder zombies
  2 adder skeletons (D:6)
  2 worms
  2 dart slugs (D:2)
  8 giant geckos
  42 orcs
  3 ball pythons
  8 bats
  A goblin (D:2)
  9 hobgoblins
  4 jackals
  A quokka (D:7)
  A giant gecko skeleton (D:5)
  4 giant newts
  6 kobolds
  2 rats (D:1)
288 creatures vanquished.

Vanquished Creatures (others)
  A fungus (Lair:1)
  2 plants (D:9)
3 creatures vanquished.

Grand Total: 291 creatures vanquished

Notes
Turn   | Place    | Note
--------------------------------------------------------------
     0 | D:1      | Arkorax the Minotaur Fire Elementalist began the quest for the Orb.
     0 | D:1      | Reached XP level 1. HP: 14/14 MP: 1/1
   135 | D:1      | Reached skill level 1 in Fighting
   175 | D:1      | Reached XP level 2. HP: 23/23 MP: 3/3
   527 | D:1      | Reached skill level 2 in Fighting
   628 | D:1      | Reached skill level 1 in Short Blades
   921 | D:2      | Reached skill level 1 in Armour
  1018 | D:2      | Noticed Terence
  1024 | D:2      | Killed Terence
  1024 | D:2      | Reached XP level 3. HP: 27/30 MP: 4/4
  1604 | D:2      | Reached skill level 3 in Fighting
  1691 | D:3      | Reached XP level 4. HP: 38/38 MP: 5/5
  1811 | D:3      | Noticed Natasha
  1822 | D:3      | Killed Natasha
  1946 | D:3      | Noticed Natasha
  1953 | D:3      | Killed Natasha
  1953 | D:3      | Reached skill level 4 in Fighting
  1953 | D:3      | Reached XP level 5. HP: 36/46 MP: 6/6
  1964 | D:3      | Found a bloodstained altar of Trog.
  1982 | D:3      | Noticed Natasha
  1987 | D:3      | Killed Natasha
  2118 | D:3      | Noticed Purgy
  2132 | D:3      | Killed Purgy
  2132 | D:3      | Reached XP level 6. HP: 24/55 MP: 7/7
  2377 | D:3      | Noticed Jessica
  2381 | D:3      | Killed Jessica
  2381 | D:3      | Reached skill level 5 in Fighting
  2665 | D:4      | Found a blossoming altar of Fedhas.
  3208 | D:4      | Reached XP level 7. HP: 62/62 MP: 8/8
  3225 | D:4      | Reached skill level 6 in Fighting
  3448 | D:5      | Entered Level 5 of the Dungeon
  3461 | D:5      | Reached skill level 5 in Short Blades
  3477 | D:5      | Found a staircase to the Ecumenical Temple.
  3491 | Temple   | Entered the Ecumenical Temple
  3635 | Temple   | Became a worshipper of Cheibriados the Contemplative
  4047 | D:5      | Reached skill level 7 in Fighting
  4352 | D:5      | Found a shadowy altar of Dithmenos.
  4373 | D:5      | Reached XP level 8. HP: 55/73 MP: 9/9
  4603 | D:5      | Found a burning altar of Makhleb.
  4826 | D:5      | Found a glowing silver altar of Zin.
  4826 | D:5      | Found a shattered altar of Ashenzari.
  4827 | D:5      | Found an iron altar of Okawaru.
  4840 | D:5      | Reached skill level 8 in Fighting
  4840 | D:5      | Reached skill level 5 in Armour
  5222 | D:6      | Noticed Menkaure
  5229 | D:6      | Killed Menkaure
  5229 | D:6      | Reached * piety under Cheibriados
  5573 | D:6      | Noticed Edmund
  5582 | D:6      | Killed Edmund
  5582 | D:6      | Reached skill level 9 in Fighting
  5856 | D:7      | Reached XP level 9. HP: 83/83 MP: 10/10
  6317 | D:7      | Found Coink's Book Boutique.
  6536 | D:7      | Reached ** piety under Cheibriados
  7085 | D:7      | Reached skill level 10 in Fighting
  7085 | D:7      | Reached skill level 1 in Long Blades
  7142 | D:7      | Found a basalt altar of Yredelemnul.
  7144 | D:7      | Noticed a profane servitor
  7161 | D:7      | Found a glowing golden altar of the Shining One.
  7357 | D:7      | Found a sparkling altar of Nemelex Xobeh.
  7391 | D:7      | Noticed an angel
  7515 | D:8      | Found a radiant altar of Vehumet.
  7796 | D:8      | Reached *** piety under Cheibriados
  7803 | D:8      | Reached skill level 11 in Fighting
  7803 | D:8      | Reached XP level 10. HP: 57/95 MP: 11/11
  7963 | D:8      | Found a radiant altar of Vehumet.
  7991 | D:8      | Found a sacrificial altar of Ru.
  8022 | D:8      | Reached skill level 5 in Long Blades
  8622 | D:8      | Found Manaqeurgh's Assorted Antiques.
  8823 | D:8      | Reached **** piety under Cheibriados
  9099 | D:9      | Found an ancient bone altar of Kikubaaqudgha.
  9161 | D:9      | Reached ***** piety under Cheibriados
  9334 | D:9      | Found a staircase to the Lair.
  9383 | D:9      | Reached skill level 12 in Fighting
  9481 | D:10     | Entered Level 10 of the Dungeon
  9628 | D:10     | Killed an unseen horror
  9830 | D:10     | Reached XP level 11. HP: 100/104 MP: 12/12
 10172 | D:10     | Noticed a brown ugly thing
 10179 | D:10     | Killed a brown ugly thing
 10996 | D:11     | Reached skill level 10 in Long Blades
 11045 | D:11     | Noticed Erolcha
 11048 | D:11     | Paralysed by Erolcha for 3 turns
 11052 | D:11     | Killed Erolcha
 11052 | D:11     | Reached skill level 10 in Armour
 11082 | D:11     | Reached ****** piety under Cheibriados
 11357 | Lair:1   | Entered Level 1 of the Lair of Beasts
 11366 | Lair:1   | Noticed a six-headed hydra
 11375 | Lair:1   | Killed a six-headed hydra
 11495 | Lair:1   | Reached skill level 13 in Fighting
 12163 | Lair:2   | Found a labyrinth entrance.
 12187 | Lab      | Entered a labyrinth
 12311 | Lab      | Noticed a minotaur
 12318 | Lab      | Identified a cursed +3 rod of inaccuracy (2/11)
 12318 | Lab      | Demolished by a minotaur

Vault maps used:
D:1:      eino_arrival_druids_welcome, serial_glass, glass_columns_b,
          glass_columns_b
D:2:      first_bread, uniq_terence
D:3:      bloody_trog, roderic_greek_sauvastika, uniq_purgy, uniq_natasha,
          uniq_jessica
D:4:      fedhas_altar_3, minmay_misc_feat_pillars, roderic_roman_lattice,
          minivault_23
D:5:      grunt_temple_overflow_open, lemuel_round_altar,
          nicolae_dithmenos_shadow_blocks, minmay_temple_entry_glass
D:6:      uniq_edmund, uniq_menkaure
D:7:      grunt_temple_overflow_holy_war, nemelex_deck, serial_shops,
          kennysheep_mini, hangedman_decor_clover_reticule
D:8:      nicolae_ru_sacrificial_ziggurat, vehumet_crystals, basic_altar,
          serial_shops, shop
D:9:      lemuel_doored_altar, david_lair_shrubbed, grunt_ministairs_15
D:10:     kennysheep_ambush_hall
D:11:     uniq_erolcha
Temple:   corrupted_temple
Lair:1:   minivault_24
Lair:2:   lab_entry_generic, beast_lair_carwin_6, lemuel_fruit_fields,
          grunt_megastairs_1, uniq_gastronok
Lab:      labyrinth_spiral, nicolae_lab_swirl, nicolae_lab_flowing_pool,
          labyrinth_glass_1

Skill      XL: |  1  2  3  4  5  6  7  8  9 10 11 |
---------------+----------------------------------+-----
Fighting       | 1 2 3 4 5 7 9 11 12 13 | 13.2
Short Blades   | 1 2 3 4 5 7 8 |  8.4
Armour         | 1 2 3 4 6 7 9 10 | 10.6
Long Blades    | 4 8 11 | 11.3
Polearms       | |  0.2
Dodging        | |  2.1
Stealth        | |  1.5
Spellcasting   | |  1.3
Conjurations   | |  0.6
Fire Magic     | |  2.1

Action                   |  1- 3 |  4- 6 |  7- 9 | 10-12 || total
-------------------------+-------+-------+-------+-------++-------
Melee: Short sword       |    43 |   102 |   292 |   319 ||   756
       Unarmed           |     4 |       |       |       ||     4
       Long sword        |       |       |       |    15 ||    15
Throw: Tomahawk          |       |       |     5 |       ||     5
 Cast: Flame Tongue      |     2 |       |       |       ||     2
Evoke: Wand              |       |       |       |     5 ||     5
  Use: Potion            |       |       |     4 |     2 ||     6
       Scroll            |       |       |       |    22 ||    22
 Stab: Distracted        |       |       |     1 |       ||     1
  Eat: Chunk             |     1 |     1 |     1 |    18 ||    21
       Bread ration      |     1 |       |     1 |       ||     2
       Meat ration       |       |       |     1 |       ||     1
       Beef jerky        |       |       |     1 |       ||     1
